 Dungeon Crawl Stone Soup version 0.20.1-1-g8b1a95d (webtiles) character file.

128 jmlagarto the Skirmisher (level 5, 0/47 HPs)
             Began as a Hill Orc Berserker on Aug 14, 2017.
             Was a Believer of Trog.
             Slain by a jackal (1 damage)
             ... on level 3 of the Dungeon.
             The game lasted 00:09:42 (2212 turns).

jmlagarto the Skirmisher (Hill Orc Berserker)       Turns: 2212, Time: 00:09:42

Health: 0/47       AC:  5    Str: 21    XL:     5   Next: 11%
Magic:  5/5        EV: 11    Int:  7    God:    Trog [**....]
Gold:   124        SH:  0    Dex: 10    Spells: 4/4 levels left

rFire    . . .     SeeInvis .   o - -1 spear (curse)
rCold    . . .     Gourm    +   (no shield)
rNeg     . . .     Faith    .   j - +0 ring mail
rPois    .         Spirit   .   (no helmet)
rElec    .         Reflect  .   (no cloak)
rCorr    .         Harm     .   (no gloves)
MR       .....                  (no boots)
Stlth    ..........             d - amulet of the gourmand
Regen    0.2/turn               g - ring of wizardry
MPRegen  0.1/turn               (no ring)

@: berserk cooldown, flying
A: no striking features
a: Berserk, Trog's Hand, Burn Spellbooks, Renounce Religion, Convert to Beogh


You were on level 3 of the Dungeon.
You worshipped Trog.
Trog was pleased with you.
You were very full.

You visited 1 branch of the dungeon, and saw 3 of its levels.

You collected 124 gold pieces.

Inventory:

Hand Weapons
 a - a +0 spear
 f - a +3 mace
 o - a cursed -1 spear (weapon)
Armour
 j - a +0 ring mail (worn)
Jewellery
 d - an amulet of the gourmand (around neck)
 g - a ring of wizardry (left hand)
Scrolls
 m - a scroll of magic mapping {unknown}
 n - 3 scrolls of identify {unknown}
Potions
 e - a potion of heal wounds {unknown}
 h - a potion of invisibility {unknown}
 i - a potion of degeneration {unknown}
 l - a potion of might {unknown}
Comestibles
 c - a bread ration
 k - 2 fruits


   Skills:
 + Level 4.8 Fighting
 - Level 2.2 Maces & Flails
 + Level 3.7 Polearms
 + Level 2.7 Armour
 + Level 2.3 Dodging


You had 4 spell levels left.
You didn't know any spells.

Dungeon Overview and Level Annotations

Branches:
Dungeon (3/15)

Altars:

Annotations:
D:3 Robin


Message History

You fly up into the air.
The jackal barely misses you. The frilled lizard closely misses you.
The jackal closely misses you.
The jackal bites you but does no damage.
The orc priest invokes the aid of Beogh against you.
Beogh smites you!
* * * LOW HITPOINT WARNING * * *
Robin hits you but does no damage. The goblin hits you.
* * * LOW HITPOINT WARNING * * *
You hit the orc priest but do no damage.
The orc priest shouts, "Surrender to Beogh and we'll let you live!"
The orc priest is almost dead.
The orc priest shouts, "Beogh is our master!
Accept the truth or die!"
The goblin no longer looks unusually strong.
The jackal barely misses you.
The frilled lizard bites you but does no damage.
The jackal bites you.
* * * LOW HITPOINT WARNING * * *
The orc priest completely misses you. Robin barely misses you.
The jackal bites you.
You die...

# .. #........#.. #.
#........#..... #..
#........#....
#.##.............
#.......(...#...
###...........# .
#####..........#. ...
#...........hgg#.....
#.#.........h@lg.....
............o###.....
.....#...##..## ...
.##.#........# #
#....##..).##
...#.......#
#...####... #... ....


You could see Robin, an orc priest, 2 jackals, a hobgoblin, a goblin and a
frilled lizard.

Vanquished Creatures
  An orc wizard (D:3)
  An adder (D:2)
  A worm (D:2)
  2 dart slugs
  A leopard gecko (D:1)
  6 orcs (D:3)
  A giant cockroach (D:1)
  12 goblins
  12 hobgoblins
  8 jackals
  2 ball pythons
  7 bats
  4 frilled lizards
  4 kobolds
  11 rats
73 creatures vanquished.

Notes
Turn   | Place    | Note
-------+----------+-------------------------------------------
     0 | D:1      | jmlagarto the Hill Orc Berserker began the quest for the Orb.
     0 | D:1      | Reached XP level 1. HP: 19/19 MP: 1/1
   109 | D:1      | Reached skill level 4 in Fighting
   109 | D:1      | Reached XP level 2. HP: 4/27 MP: 2/2
   642 | D:1      | Reached XP level 3. HP: 16/33 MP: 3/3
   903 | D:1      | Reached ** piety under Trog
  1658 | D:2      | Reached skill level 1 in Maces & Flails
  1764 | D:2      | Reached XP level 4. HP: 38/41 MP: 4/4
  2161 | D:3      | Noticed Robin
  2167 | D:3      | Reached XP level 5. HP: 47/47 MP: 5/5
  2211 | D:3      | HP: 2/47 [orc priest/divine providence (11)]
  2212 | D:3      | Slain by a jackal

Skill      XL: |  1  2  3  4 |
---------------+-------------+-----
Fighting       | 4 |  4.8
Dodging        | 2 |  2.3
Maces & Flails | 1 2 |  2.2
Polearms       | |  3.7
Armour         | |  2.7

Action                   |  1- 3 |  4- 6 || total
-------------------------+-------+-------++-------
Melee: Spear             |    97 |    75 ||   172
       Mace              |    33 |    16 ||    49
Invok: Berserk           |     1 |     2 ||     3
       Trog's Hand       |       |     1 ||     1
  Use: Scroll            |     3 |       ||     3
       Potion            |     1 |     2 ||     3
  Eat: Meat ration       |     1 |       ||     1
       Chunk             |     7 |     3 ||    10
       Bread ration      |     1 |       ||     1
Armor: Animal skin       |    26 |       ||    26
       Ring mail         |    17 |    35 ||    52
       Skin              |       |   172 ||   172
Dodge: Dodged            |   143 |    91 ||   234
